Map: Battle on the Boardwalk LE

Players

Mouchou

  • Race: Terran Terran
  • League: Diamond
  • Spawn Location: 1:00

Jonathas - Winner!

  • Race: Terran Terran
  • League: Diamond
  • Spawn Location: 11:00

VOD

Have the link to the VOD?

Description

Time

  • Played on: Dec. 17, 2017, 6:16 a.m.
  • Length: 4:24
Show
View Real Time Build Order
Export as new Build Order

Mouchou Terran 

Build Orders:  

Get SALT Encoding   

  12  0:00  SCV  
  13  0:13  SCV  
  14  0:17  Supply Depot  
  14  0:25  SCV  
  15  0:34  Refinery  
  15  0:39  SCV  
  16  0:45  Barracks  
  16  0:51  SCV  
  17  1:03  SCV  
  18  1:15  SCV  
  19  1:27  SCV  
  20  1:36  Command Center  
  20  1:40  Reaper  
  20  1:43  SCV  
  22  1:59  Orbital Command  
  22  2:01  Supply Depot  
  22  2:12  Marine  
  23  2:18  Factory  
  23  2:29  SCV  
  24  2:30  Refinery  
  24  2:31  Barracks  
  24  2:44  Marine  
  25  3:01  Orbital Command  
  25  3:02  Bunker, Marine  
  25  3:04  Cyclone  
  28  3:07  SCV  
  29  3:19  Marine, Starport  
  29  3:21  Barracks Tech Lab  
  29  3:23  SCV  
  29  3:26  SCV  
  32  3:37  Marine  
  32  3:41  Supply Depot  
  33  3:43  Factory Tech Lab  
  33  3:44  Marine  
  33  3:47  SCV x2  
  36  3:49  Refinery  
  36  3:55  Marine  
  38  4:03  Marauder  
Show
View Real Time Build Order
Export as new Build Order

Jonathas Terran - Winner!

Build Orders: Cyclone Opening 

Get SALT Encoding   

  12  0:01  SCV  
  13  0:13  SCV  
  14  0:17  Supply Depot  
  14  0:25  SCV  
  15  0:29  Refinery  
  15  0:39  SCV  
  16  0:46  Barracks  
  16  0:51  SCV  
  17  1:00  Refinery  
  17  1:03  SCV  
  18  1:15  SCV  
  19  1:27  SCV  
  20  1:35  Factory  
  20  1:37  Barracks Reactor  
  20  1:39  SCV  
  21  1:42  Supply Depot  
  21  1:51  SCV  
  22  2:09  Orbital Command  
  22  2:27  Cyclone x2  
  22  2:28  Marine  
  29  2:39  Supply Depot  
  29  2:41  SCV  
  30  2:46  Marine  
  30  3:05  Cyclone x2  
  36  3:06  Marine  
  37  3:19  Supply Depot  
  37  3:23  SCV  
  37  3:24  Marine  
  39  3:41  Cyclone x2, Marine  
  45  3:59  Marine  
Tags
 
Add a new tag
Caveats
  • Supply blocks, unpowered buildings, or Contaminate may cause inaccurate times.
  • Supply counts are checked every 10 seconds.